 Dungeon Crawl Stone Soup version 0.31-a0-833-gc15d34cb79 (console) character file.

Game seed: 6037181409148702460

1820626 elliptic the Conqueror (level 27, 250/250 HPs)
             Began as a Djinni Monk on Sept 24, 2023.
             Was the Champion of Okawaru.
             Escaped with the Orb
             ... and 3 runes on Sept 25, 2023!
             The game lasted 03:29:11 (58605 turns).

elliptic the Conqueror (Djinni Monk)               Turns: 58605, Time: 03:29:12

Health: 250/250    AC: 20    Str: 15    XL:     27
Gold:   7713       EV: 47    Int: 23    God:    Okawaru [******] SH:  0 Dex: 43

rFire   + + .        a - +8 longbow {speed, Dex+3 SInv, norare}
rCold   . . .        (shield currently unavailable)
rNeg    . . .        K - +5 moon troll leather armour {Spirit, Regen++ MP+5, nodragon}
rPois   inf          F - +2 hat "Suniatt" {rElec Regen+}
rElec   +            I - +4 dragonskin cloak
rCorr   .            o - +2 pair of gloves
SInv    +            (boots unavailable)
Will    ++...        h - amulet of Zogaafir {RegenMP Drain Int+4 Dex+10 Stlth-}
Stlth   +            P - ring of the Priest {rElec rC+ Str+5 SInv Stlth-}
HPRegen 3.01/turn    z - ring of Vehumet's Benevolence {rElec Int+6 Dex+3 SInv}
MPRegen 0.00/turn

%: random rage (3%), guardian spirit
@: flying, hasted (expiring), studying Hexes, very quick
A: sickness immunity, fire resistance 2, cold vulnerability 1, float, innate
caster, HP casting, extra vitality 1, berserk 1, clumsy 1, robust 1
0: Orb of Zot
}: 3/15 runes: barnacled, silver, gossamer
a: Renounce Religion, Heroism, Finesse, Duel


You escaped.
You worshipped Okawaru.
Okawaru was exalted by your worship.
You visited 11 branches of the dungeon, and saw 51 of its levels.
You also visited: Sewer, Ice Cave, Wizlab and Desolation.

You collected 11892 gold pieces.
You spent 4179 gold pieces at shops.


Innate Abilities, Weirdness & Mutations

You are immune to sickness and miasma.
You are immune to poison.
Your flesh is very heat resistant. (rF++)
You are vulnerable to cold. (rC-)
You float through the air rather than walking.
You learn spells naturally, not from books.
Your magical power is your life essence.
You have superior vitality. (+4 MHP)
You sometimes lose your temper in combat.
You are clumsy. (Dex -2)
You are robust. (+10% HP)


   Skills:
 O Level 27 Fighting
 - Level 2.6 Long Blades
 - Level 20.0 Ranged Weapons
 - Level 11.0 Armour
 - Level 22.0 Dodging
 + Level 20.3 Spellcasting
 + Level 20.3 Conjurations
 + Level 22.1 Hexes
   Level 0.0 Charms
 + Level 20.3 Summonings
 + Level 20.3 Necromancy
 + Level 20.3 Translocations
 + Level 20.3 Transmutations
 + Level 20.3 Fire Magic
 + Level 20.3 Ice Magic
 + Level 20.3 Air Magic
 + Level 20.3 Earth Magic
 + Level 20.3 Poison Magic
 - Level 12.0 Invocations


You knew the following spells:

 Your Spells              Type           Power      Damage    Failure   Level
d - Ozocubu's Refrigerat  Ice            43%        4d17      1%          7
e - Enfeeble              Hex            45%        N/A       1%          7
q - Lee's Rapid Deconstr  Erth           43%        3d21*     0%          5
v - Blink                 Tloc           100%       N/A       0%          2
B - Plasma Beam           Fire/Air       43%        2x1d57    1%          6
M - Summon Hydra          Summ           43%        N/A       1%          7
P - Borgnjor's Revivific  Necr           43%        N/A       3%          8
T - Sticky Flame          Conj/Fire      86%        2d10      0%          4
U - Discord               Hex            45%        N/A       1%          8
V - Kiss of Death         Conj/Necr      100%       2d13      0%          1
W - Static Discharge      Conj/Air       100%       2-7/arc   0%          2
Y - Death's Door          Necr           43%        N/A       47%         9
Z - Cause Fear            Hex            45%        N/A       0%          4
Your spell library was empty.

Inventory:

Hand Weapons
 a - the +8 longbow "Zephyr" (weapon) {speed, Dex+3 SInv, norare}
   (Okawaru gifted it to you on level 5 of the Lair of Beasts)

   Dex+3:     It affects your dexterity (+3).
   SInv:      It lets you see invisible.
 M - the +0 rapier "Otruquh" {freeze, *Noise +Blink Fly Str+4}
   (You found it on level 1 of the Depths)

   Str+4:     It affects your strength (+4).
   Fly:       It grants you flight.
   +Blink:    It lets you blink.
   *Noise:    It may make a loud noise when swung.
Missiles
 m - 7 throwing nets
 r - 21 curare-tipped darts (quivered)
Armour
 o - a +2 pair of gloves (worn)
 y - the +6 ring mail "Tankoet" {rPois Int+2 SInv}
   (You found it on level 3 of the Elven Halls)

   Int+2:     It affects your intelligence (+2).
   rPois:     It protects you from poison SInv: It lets you see invisible.
 F - the +2 hat "Suniatt" (worn) {rElec Regen+}
   (Okawaru gifted it to you on level 5 of the Lair of Beasts)

   rElec:     It insulates you from electricity.
   Regen+:    It increases your rate of health regeneration.
 I - the +4 dragonskin cloak (worn)
   (You took it off Tiamat on level 4 of the Realm of Zot)

   Avatar's Aegis: It grants the wearer a chance to resist fire, cold, poison,
   electricity, acid, and negative energy.
 K - the +5 moon troll leather armour (worn) {Spirit, Regen++ MP+5, nodragon}
   (You bought it in a shop on level 1 of the Depths)

   MP+5:      It affects your magic capacity (+5).
   Regen++:   It increases your rate of health regeneration.
Jewellery
 b - a ring of resist corrosion
 h - the amulet of Zogaafir (around neck) {RegenMP Drain Int+4 Dex+10 Stlth-}
   (You found it in the Desolation of Salt)

   [amulet of magic regeneration]

   RegenMP:   It increases your rate of magic regeneration.
   Int+4:     It affects your intelligence (+4).
   Dex+10:    It affects your dexterity (+10).
   Drain:     It drains your maximum health when unequipped.
   Stlth-:    It makes you less stealthy.
 w - the ring of Akiufoqa {rElec rC+ rCorr MP-9 Stlth+}
   (You found it on level 8 of the Dungeon)

   [ring of protection from cold]

   rC+:       It protects you from cold.
   rElec:     It insulates you from electricity.
   MP-9:      It affects your magic capacity (-9).
   rCorr:     It protects you from acid and corrosion.
   Stlth+:    It makes you more stealthy.
 z - the ring of Vehumet's Benevolence (right hand) {rElec Int+6 Dex+3 SInv}
   (You found it on level 1 of the Vaults)

   [ring of intelligence]

   Int+6:     It affects your intelligence (+6).
   Dex+3:     It affects your dexterity (+3).
   rElec:     It insulates you from electricity.
   SInv:      It lets you see invisible.
 G - a ring of fire
 H - the ring of Men Pof {rElec rF- Will+ Dex+3 SInv}
   (You found it in the Desolation of Salt)

   [ring of see invisible]

   Dex+3:     It affects your dexterity (+3).
   rF-:       It makes you vulnerable to fire.
   rElec:     It insulates you from electricity.
   Will+:     It increases your willpower.
   SInv:      It lets you see invisible.
 N - the ring "Oghausur" {AC+4 Str+3}
   (You found it in a wizard's laboratory)

   [ring of protection]

   AC+4:      It affects your AC (+4).
   Str+3:     It affects your strength (+3).
 P - the ring of the Priest (left hand) {rElec rC+ Str+5 SInv Stlth-}
   (You took it off an ironbound convoker on level 5 of the Vaults)

   [ring of protection from cold]

   Str+5:     It affects your strength (+5).
   rC+:       It protects you from cold.
   rElec:     It insulates you from electricity.
   SInv:      It lets you see invisible.
   Stlth-:    It makes you less stealthy.
 R - the dreamshard necklace {Acrobat *Dream}
   (You took it off an orc warrior on level 5 of the Vaults)

   [amulet of the acrobat]

   *Dream:    It absorbs a single lethal wound into itself, holding its wearer
   just short of death and releasing dream-creatures to guard them.
   Acrobat:   It increases your evasion while moving and waiting.
Wands
 B - a wand of digging (24)
 J - a wand of polymorph (55)
 O - a wand of roots (42)
 V - a wand of quicksilver (15)
Scrolls
 d - 9 scrolls of fog
 f - a scroll of blinking
 j - 10 scrolls of poison
 l - 4 scrolls of enchant armour
 t - 17 scrolls of teleportation
 u - 7 scrolls of fear
 A - 9 scrolls of vulnerability
 L - 9 scrolls of immolation
Potions
 c - 6 potions of ambrosia
 e - 7 potions of cancellation
 g - 5 potions of invisibility
 i - 7 potions of might
 n - 8 potions of enlightenment
 p - 13 potions of heal wounds
 q - 10 potions of brilliance
 x - 3 potions of mutation {!q}
 D - 4 potions of haste
 Q - 7 potions of resistance
 S - 5 potions of berserk rage {!q}
 U - 11 potions of curing
Miscellaneous
 s - a lightning rod (4/4)


Message History

A Tzitzimitl comes into view.
You shoot an arrow. The arrow hits the Tzitzimitl!!
The Tzitzimitl is moderately wounded.
You shoot an arrow. The arrow hits the Tzitzimitl!!!!
The Tzitzimitl is almost dead.
You shoot an arrow. The arrow hits the Tzitzimitl.
You kill the Tzitzimitl!
Okawaru accepts your kill.
No target in view!
No target in view!
A red devil comes into view. It is wielding a +0 trident.
You can't go up here!
You shoot an arrow. The arrow hits the red devil!!!
You kill the red devil!
Okawaru accepts your kill.
No target in view!
No target in view!
No target in view!
There is a stone staircase leading up here.
You fly upwards.
There is a stone staircase leading down here.
Aiming: Dig
Press: ? - help, Shift-Dir - straight line, f - you Please select a direction to dig.
A stone staircase leading down.
This square is covered in magical glow.
The rock shatters into small pieces.
Aiming: Dig
Press: ? - help, Shift-Dir - straight line, f - you Please select a direction to dig.
This square is covered in magical glow.
The rock shatters into small pieces.
Your hands slow down.
You see here a +0 ring mail.
Your extra speed is starting to run out.
There is a staircase leading out of the dungeon here.
Casting: Blink (safe; 0% risk of failure)
Confirm with . or Enter, or press ? or * to list all spells.
Okay, then.
Unknown command.
You have escaped!

###......................####.
##....#.####.####.####.##...###
#..###...##...##...##...###..##
#.## #.}.##.}.##.}.##.}.# ##.#
#.####...##...##...##...####.#
###...###.####.####.####.###...#
.##.}.###.####.####.####.###.}.#
.##............................#
.###.##.........@..........##.##
[..............................#
.##.}.###.####.####.####.###.}.#
.##...###.####.####.####.###...#
.##.####...##...##...##...####.#
.##.## #.}.##.}.##.}.##.}.# ##.#
.##.=###...##...##...##...###..#
.###...##.####.####.####.##...##
.# ###......................###


There were no monsters in sight!

Vanquished Creatures
  Tiamat (Zot:4)
  Mara (Depths:3)
  2 ancient liches (Vaults:5)
  Mennas (Crypt:1)
  Sojobo (Crypt:3)
  Xtahua (Crypt:2)
  Saint Roka (Crypt:2)
  4 golden dragons
  6 caustic shrikes
  A profane servitor (Crypt:3)
  3 bone dragons
  Arachne (Spider:4)
  A Brimstone Fiend (Depths:3)
  A Tzitzimitl (D:2)
  Zenata (Crypt:1)
  5 tentacled monstrosities
  An Ice Fiend (Depths:3)
  Mlioglotl (Spider:3)
  Rupert (Orc:2)
  2 Orb Guardians
  6 titans
  2 deep elf master archers (Elf:3)
  A walking earthen tome (Depths:3)
  A walking divine tome (Depths:3)
  4 liches
  2 quicksilver dragons
  2 deep elf blademasters
  10 sphinxes
  A kraken (Shoals:1)
  4 ancient champions
  Kirke (D:15)
  22 tengu reavers
  5 shadow dragons
  6 storm dragons
  3 death cobs
  Aizul (Vaults:1)
  Donald (Orc:2)
  10 revenants
  A draconian monk (Depths:4)
  An azure jelly (shapeshifter) (Vaults:1)
  3 draconian knights
  16 vault wardens
  13 fire giants
  8 frost giants
  5 iron dragons
  5 deep elf sorcerers
  4 draconian scorchers (Zot:4)
  A spectral caustic shrike (WizLab)
  5 ghost moths
  4 emperor scorpions
  4 draconian shifters
  2 draconian stormcallers
  A broodmother (Spider:3)
  2 deep elf elementalists (Elf:3)
  9 ghouls (Crypt:3)
  4 draconian annihilators
  6 orc warlords
  9 ironbound preservers
  17 stone giants
  A spriggan defender (Depths:2)
  A quicksilver ooze (Lair:5)
  2 war gargoyles
  28 very ugly things
  3 formless jellyfish
  7 vampire knights
  8 ironbound thunderhulks
  3 reapers
  10 green draconians
  A lorocyproca (Depths:1)
  7 black draconians
  Azrael (Elf:1)
  6 deep elf demonologists
  10 deep elf annihilators
  4 halazid warlocks
  A white draconian (Zot:3)
  9 dire elephants
  5 red draconians
  12 spark wasps
  A minotaur (Shoals:1)
  7 yellow draconians
  5 merfolk javelineers
  9 purple draconians
  11 ettins
  18 eidola
  3 crystal guardians (Desolation)
  14 fire dragons
  A mummy priest (Crypt:3)
  5 ragged hierophants (Desolation)
  5 blizzard demons (Depths:3)
  2 spectral quicksilver dragons (WizLab)
  23 yaktaur captains
  7 merfolk impalers
  9 deep elf death magi
  11 jiangshi
  2 quicksilver dragon zombies (WizLab)
  8 deep elf high priests
  9 entropy weavers
  4 rakshasas
  9 great orbs of eyes
  39 vault guards
  7 servants of whispers (Desolation)
  13 ice dragons
  9 jorogumos
  7 peacekeepers
  3 spriggan air magi
  5 catoblepae
  2 ghost crabs (Spider:4)
  5 hydras
  7 death knights
  8 ironbound frosthearts
  A radroach (Spider:1)
  6 ogre magi
  An anaconda (shapeshifter) (Vaults:5)
  5 merfolk avatars
  3 alligator snapping turtles
  16 centaur warriors
  24 dancing weapons
  11 two-headed ogres
  A satyr (Shoals:1)
  8 deep troll shamans
  3 boulder beetles
  14 deep troll earth magi
  5 merfolk aquamancers (Shoals:4)
  5 vampire magi
  8 demonic crawlers
  11 death yaks
  10 tengu warriors
  3 orc high priests
  3 titan zombies
  4 spriggan berserkers
  A sun demon (Depths:1)
  16 deep elf knights
  A soul eater (Crypt:2)
  Sonja (Orc:2)
  9 hell knights
  2 spriggans (Depths:3)
  40 skeletal warriors
  7 pharaoh ants
  3 shadow wraiths
  A spectral spark wasp (WizLab)
  12 iron trolls
  A ghost moth zombie (Crypt:2)
  11 sea snakes
  68 deep trolls
  A sea snake (shapeshifter) (Vaults:5)
  15 orb spiders
  3 anaconda zombies (Crypt:3)
  4 steelbarb worms
  6 sun moths
  13 flayed ghosts
  4 glowing orange brains
  An obsidian statue (IceCv)
  4 bog bodies
  25 phantasmal warriors
  2 spriggan simulacra (IceCv)
  13 deep elf archers
  33 harpies
  23 deep elf pyromancers
  14 wizards
  7 necromancers
  6 lindwurms
  13 orc knights
  21 ironbound convokers
  45 ugly things
  A spectral wolf spider (WizLab)
  An oklob plant (D:10)
  A tengu skeleton (D:15)
  40 deep elf zephyrmancers
  6 orc sorcerers
  A stone giant zombie (Crypt:3)
  A wolf spider zombie (D:12)
  16 manticores
  A fire giant zombie (Crypt:1)
  10 moths of wrath
  12 wolf spiders
  10 fauns
  2 spectral spriggans (WizLab)
  9 cyclopes
  A broodmother zombie (Crypt:2)
  2 dire elephant zombies
  7 elephants
  2 smoke demons (Depths:1)
  8 merfolk sirens
  An eye of devastation (Vaults:1)
  4 black mambas
  16 vault sentinels
  5 molten gargoyles (Desolation)
  3 guardian serpents (Desolation)
  2 orange demons (Depths:1)
  8 water nymphs
  3 torpor snails
  Maurice (Orc:2)
  6 centaur zombies
  14 cane toads
  A cane toad (shapeshifter) (Vaults:3)
  A gargoyle (D:14)
  Jeremiah (D:6)
  4 hellions (Depths:3)
  A swamp worm zombie (Crypt:1)
  12 freezing wraiths
  21 yaktaurs
  3 rime drakes
  A grey draconian zombie (Crypt:1)
  4 ice devils
  A green draconian zombie (Crypt:2)
  3 tengu conjurers
  7 komodo dragons
  2 anaconda simulacra (IceCv)
  A hydra zombie (Crypt:3)
  2 guardian mummies (Crypt:3)
  A black draconian skeleton (Crypt:2)
  4 harpy zombies (Crypt:3)
  A red devil (D:2)
  A tyrant leech (shapeshifter) (Depths:2)
  A queen bee (shapeshifter) (Elf:1)
  28 merfolk
  12 meliai
  A spectral harpy (WizLab)
  17 trolls
  7 wind drakes
  2 hornets (Depths:3)
  2 polar bears
  39 saltlings (Desolation)
  4 tyrant leeches (Spider:4)
  8 blink frogs
  3 dream sheep (Shoals:3)
  A tarantella (shapeshifter) (Elf:3)
  A satyr zombie (Crypt:1)
  33 tarantellas
  An ettin zombie (Crypt:3)
  A fire dragon zombie (Crypt:1)
  10 snapping turtles
  2 meliai zombies (D:12)
  18 flying skulls
  5 air elementals
  7 spriggan zombies
  2 centaur simulacra
  37 slime creatures
  23 jumping spiders
  6 shadows
  26 culicivoras
  14 wraiths
  3 ynoxinuls
  22 water elementals
  7 fire elementals
  75 yaks
  4 basilisks
  4 vampires
  A hog (shapeshifter) (Depths:4)
  4 wyverns
  4 hogs (D:15)
  A slime creature zombie (Crypt:1)
  15 vampire mosquitoes
  A golden eye (Zot:3)
  2 humans
  2 neqoxecs (Depths:1)
  43 redbacks
  2 minotaur simulacra (IceCv)
  A steam dragon (Lair:4)
  A chaos spawn (Depths:1)
  A glowing shapeshifter zombie (D:15)
  Menkaure (D:4)
  7 wargs
  2 harpy simulacra (IceCv)
  Edmund (D:6)
  10 water moccasins
  A floating eye (Depths:3)
  4 hell hounds (Elf:1)
  A hydra simulacrum (IceCv)
  A swamp drake (D:11)
  2 ice beasts
  46 orc warriors
  An ettin simulacrum (IceCv)
  13 black bears
  An elephant zombie (Crypt:2)
  28 ogres
  5 centaurs
  2 swamp dragon skeletons (Crypt:2)
  6 boggarts
  14 wolves
  A dream sheep skeleton (Crypt:1)
  3 phantoms
  6 kobold brigands
  Blork the orc (D:6)
  13 bullfrogs
  12 necrophages (Crypt:3)
  11 earth elementals
  A gnoll sergeant (D:8)
  3 scorpions
  7 deep troll simulacra (IceCv)
  8 wyvern skeletons (Crypt:3)
  A warg zombie (Crypt:2)
  17 killer bees
  A lindwurm simulacrum (IceCv)
  A wolf zombie (Crypt:1)
  2 howler monkeys (D:8)
  13 electric eels
  2 gnoll boudas
  9 jellies
  28 orc priests
  4 hounds
  A basilisk skeleton (Crypt:2)
  An iguana (D:4)
  32 orc wizards
  A sickly merfolk siren (Sewer)
  Terence (D:3)
  4 hell rats (Lair:4)
  A malarious merfolk avatar (Sewer)
  A mummy (Crypt:3)
  9 adders
  3 gnolls (D:6)
  A river rat (Sewer)
  A shadow imp (D:6)
  6 white imps
  3 worms
  2 dart slugs
  108 orcs
  3 bats
  7 endoplasms
  5 giant cockroaches
  6 hobgoblins
  7 jackals
  16 kobolds
  3 quokkas
  15 ball pythons
  5 frilled lizards
  A frilled lizard skeleton (Crypt:1)
  5 goblins
  A hobgoblin skeleton (Crypt:1)
  30 rats
  2 tentacles (Shoals:1)
2534 creatures vanquished.

Vanquished Creatures (collateral kills)
  A hog (D:8)
1 creature vanquished.

Vanquished Creatures (others)
  A deep elf death mage (Elf:3)
  A deep elf knight (Elf:2)
  A deep elf archer (Elf:3)
  A deep elf pyromancer (Elf:3)
  A bullfrog (D:8)
  2 orc wizards
  An orc (D:8)
  5 tentacles (Shoals:1)
13 creatures vanquished.

Grand Total: 2548 creatures vanquished

Notes
Turn   | Place    | Note
-------+----------+-------------------------------------------
     0 | D:1      | elliptic the Djinni Monk began the quest for the Orb.
     0 | D:1      | Reached XP level 1. HP: 20/20 MP: 0/0
   240 | D:1      | oh
   240 | D:1      | uh
   323 | D:1      | Reached XP level 2. HP: 25/25 MP: 0/0
  1021 | D:2      | Reached skill level 4 in Fighting
  1021 | D:2      | Reached XP level 3. HP: 30/31 MP: 0/0
  1021 | D:2      | Learned a level 1 spell: Kiss of Death
  1270 | D:2      | Reached skill level 1 in Spellcasting
  1270 | D:2      | Reached skill level 1 in Conjurations
  1270 | D:2      | Reached skill level 1 in Hexes
  1270 | D:2      | Reached skill level 1 in Summonings
  1270 | D:2      | Reached skill level 1 in Necromancy
  1270 | D:2      | Reached skill level 1 in Translocations
  1270 | D:2      | Reached skill level 1 in Transmutations
  1270 | D:2      | Reached skill level 1 in Fire Magic
  1270 | D:2      | Reached skill level 1 in Ice Magic
  1270 | D:2      | Reached skill level 1 in Air Magic
  1270 | D:2      | Reached skill level 1 in Earth Magic
  1270 | D:2      | Reached skill level 1 in Poison Magic
  1573 | D:3      | Found a stormy altar of Qazlal.
  1646 | D:3      | Found a shadowy altar of Dithmenos.
  1654 | D:3      | Reached XP level 4. HP: 37/37 MP: 0/0
  1877 | D:3      | Found a faded altar of an unknown god.
  2289 | D:3      | Reached XP level 5. HP: 17/38 MP: 0/0
  2289 | D:3      | Learned a level 2 spell: Blink
  2377 | D:3      | Found a white marble altar of Elyvilon.
  2403 | D:3      | Noticed Terence
  2405 | D:3      | oh
  2405 | D:3      | hm
  3081 | D:4      | Reached skill level 3 in Spellcasting
  3081 | D:4      | Reached skill level 3 in Conjurations
  3081 | D:4      | Reached skill level 3 in Hexes
  3081 | D:4      | Reached skill level 3 in Summonings
  3081 | D:4      | Reached skill level 3 in Necromancy
  3081 | D:4      | Reached skill level 3 in Translocations
  3081 | D:4      | Reached skill level 3 in Transmutations
  3081 | D:4      | Reached skill level 3 in Fire Magic
  3081 | D:4      | Reached skill level 3 in Ice Magic
  3081 | D:4      | Reached skill level 3 in Air Magic
  3081 | D:4      | Reached skill level 3 in Earth Magic
  3081 | D:4      | Reached skill level 3 in Poison Magic
  3164 | D:4      | Reached XP level 6. HP: 20/42 MP: 0/0
  3334 | D:4      | Found a glowing drain.
  3338 | Sewer    | Entered a sewer
  3805 | D:4      | Noticed Menkaure
  3806 | D:4      | hm
  4131 | D:4      | Reached XP level 7. HP: 53/53 MP: 0/0
  4131 | D:4      | Learned a level 2 spell: Static Discharge
  4278 | D:4      | hi
  4354 | D:3      | Killed Terence
  4355 | D:3      | Reached skill level 5 in Fighting
  4572 | D:4      | Identified the +1 pair of gloves of Lifelessness {Rampage
                  | rC- Int-5 SInv}
  4695 | D:4      | Killed Menkaure
  4909 | D:5      | Entered Level 5 of the Dungeon
  5196 | D:5      | Reached skill level 6 in Fighting
  5196 | D:5      | Reached XP level 8. HP: 61/61 MP: 0/0
  5242 | D:5      | hi
  5323 | D:5      | Noticed Edmund
  5323 | D:5      | Noticed a yak
  5323 | D:5      | Noticed a yak
  5323 | D:5      | Noticed a yak
  5324 | D:5      | ......
  5324 | D:5      | hm
  5392 | D:6      | Noticed a yak
  5415 | D:6      | Killed a yak
  5504 | D:6      | Noticed a two-headed ogre
  5504 | D:6      | Noticed a two-headed ogre
  5505 | D:6      | sih
  5505 | D:6      | sigh
  5540 | D:7      | Reached skill level 1 in Ranged Weapons
  5666 | D:7      | Noticed a wraith
  5667 | D:7      | sigh
  5843 | D:6      | Noticed Jeremiah
  5844 | D:6      | ...
  5864 | D:6      | Killed Jeremiah
  5865 | D:6      | Reached XP level 9. HP: 46/67 MP: 0/0
  5865 | D:6      | Learned a level 4 spell: Sticky Flame
  6072 | D:6      | Found a shimmering altar of Xom.
  6137 | D:6      | Noticed Blork the orc
  6138 | D:6      | hi
  6139 | D:6      | :(
  6142 | D:6      | Killed Blork the orc
  6277 | D:6      | hm
  6386 | D:6      | sigh
  6495 | D:7      | sigh
  6518 | D:7      | why
  6533 | D:7      | meh
  6534 | D:7      | I guess maybe I should have used immo
  7008 | D:7      | Reached skill level 6 in Ranged Weapons
  7469 | D:7      | sigh
  7636 | D:7      | Found a staircase to the Ecumenical Temple.
  7637 | D:7      | oh
  7645 | Temple   | Entered the Ecumenical Temple
  7725 | D:8      | okay
  7725 | D:8      | Acquired 522 gold pieces
  7732 | D:8      | hm
  7736 | D:8      | .....
  7803 | D:8      | Noticed a two-headed ogre
  7804 | D:8      | oh
  7805 | D:8      | hm
  7808 | D:8      | Reached XP level 10. HP: 64/73 MP: 0/0
  7809 | D:8      | Found an iron altar of Okawaru.
  7817 | D:8      | Became a worshipper of Warmaster Okawaru
  7817 | D:8      | Reached * piety under Okawaru
  7817 | D:8      | Reached ** piety under Okawaru
  7850 | D:8      | Noticed a manticore
  7863 | D:8      | is this an encompass?
  7936 | D:8      | Reached skill level 1 in Invocations
  8207 | D:8      | Reached skill level 3 in Invocations
  8562 | D:8      | hm
  8570 | D:8      | sigh
  8574 | D:8      | Killed a manticore
  8898 | D:8      | hi
  8903 | D:8      | sigh
  8926 | D:8      | Reached skill level 9 in Ranged Weapons
  9114 | D:8      | Reached skill level 7 in Fighting
  9232 | D:8      | Identified the +5 long sword of the Establishment {freeze,
                  | +Blink Int+4 Stlth-}
  9901 | D:8      | Killed a two-headed ogre
  9901 | D:8      | Reached *** piety under Okawaru
  9902 | D:8      | Reached XP level 11. HP: 79/79 MP: 0/0
  9902 | D:8      | Learned a level 4 spell: Cause Fear
 10254 | D:8      | Reached skill level 8 in Fighting
 10478 | D:8      | Reached skill level 6 in Dodging
 10627 | D:8      | Identified the +0 scale mail of Naxoeh {rElec rC++ MP+9
                  | Slay-2}
 10691 | D:8      | Reached skill level 1 in Armour
 10920 | D:8      | Reached skill level 3 in Armour
 10923 | D:8      | Reached **** piety under Okawaru
 11018 | D:8      | Identified the ring of Akiufoqa {rElec rC+ rCorr MP-9
                  | Stlth+}
 11024 | D:8      | Acquired 1216 gold pieces
 11246 | D:7      | Noticed Pikel
 11269 | D:7      | Pikel changed into Pikel the boggart
 11269 | D:7      | Noticed Pikel
 11271 | D:7      | Killed Pikel the boggart
 11568 | D:6      | hm
 11579 | D:6      | Killed a two-headed ogre
 11804 | D:6      | Killed a two-headed ogre
 11805 | D:6      | Reached skill level 9 in Dodging
 11899 | D:6      | Killed Edmund
 11964 | D:5      | Found an iron altar of Okawaru.
 12490 | D:9      | hi
 12602 | D:9      | Acquired a +4 ring of protection
 12673 | D:9      | Noticed a moth of wrath
 12676 | D:9      | Found a bloodstained altar of Trog.
 12908 | D:9      | Found a broken altar of Ashenzari.
 13436 | D:9      | Reached XP level 12. HP: 78/86 MP: 0/0
 13618 | D:10     | Entered Level 10 of the Dungeon
 13755 | D:12     | good
 14561 | D:11     | Reached skill level 6 in Invocations
 14880 | D:10     | Found a glowing golden altar of the Shining One.
 14891 | D:10     | Found a snail-covered altar of Cheibriados.
 14958 | D:10     | Reached skill level 12 in Dodging
 15143 | D:10     | Found a burning altar of Makhleb.
 15181 | D:10     | Found a staircase to the Lair.
 16367 | D:11     | Found a staircase to the Orcish Mines.
 17323 | D:12     | Reached skill level 15 in Dodging
 17661 | D:10     | Reached XP level 13. HP: 79/92 MP: 0/0
 17661 | D:10     | Learned a level 5 spell: Lee's Rapid Deconstruction
 17673 | Lair:1   | Entered Level 1 of the Lair of Beasts
 17960 | Lair:1   | hi
 17987 | Lair:1   | Reached ***** piety under Okawaru
 18095 | Lair:1   | sigh
 18096 | Lair:1   | Reached skill level 9 in Fighting
 18570 | Lair:1   | Reached skill level 12 in Ranged Weapons
 19021 | Lair:2   | Noticed a five-headed hydra
 19059 | Lair:2   | Reached skill level 10 in Fighting
 19163 | Lair:2   | Received a gift from Okawaru
 19452 | Lair:2   | Found a hole to the Spider Nest.
 19707 | Lair:2   | Killed a five-headed hydra
 20278 | Lair:3   | Noticed a four-headed hydra
 20291 | Lair:3   | Killed a four-headed hydra
 20292 | Lair:3   | Reached XP level 14. HP: 103/103 MP: 0/0
 20450 | Lair:3   | Found a staircase to the Shoals.
 20967 | Lair:4   | Received a gift from Okawaru
 21348 | Lair:5   | Entered Level 5 of the Lair of Beasts
 21358 | Lair:5   | Found a viscous altar of Jiyva.
 21358 | Lair:5   | Found a staircase to the Slime Pits.
 21484 | Lair:5   | Identified the +1 mace "Viczyrr" {drain, rElec Will+}
 21636 | Lair:5   | Received a gift from Okawaru
 21968 | Lair:5   | Reached ****** piety under Okawaru
 21969 | Lair:5   | Acquired the +8 longbow "Zephyr" {speed, Dex+3 SInv}
 21969 | Lair:5   | Received a gift from Okawaru
 21969 | Lair:5   | Found the +8 longbow "Zephyr" {speed, Dex+3 SInv}
 21972 | Lair:5   | Acquired the +2 hat "Suniatt" {rElec Regen+}
 21972 | Lair:5   | Received a gift from Okawaru
 22192 | Lair:5   | Reached skill level 11 in Fighting
 22273 | Lair:5   | Noticed a quicksilver ooze
 22278 | Lair:5   | what
 22280 | Lair:5   | Killed a quicksilver ooze
 22531 | Lair:5   | Received a gift from Okawaru
 22595 | Lair:5   | Reached XP level 15. HP: 110/110 MP: 0/0
 22595 | Lair:5   | Learned a level 6 spell: Plasma Beam
 22718 | Lair:5   | Reached skill level 15 in Ranged Weapons
 22750 | Lair:5   | Received a gift from Okawaru
 23243 | D:12     | Reached skill level 12 in Fighting
 23251 | D:12     | Noticed a tengu reaver
 23261 | D:12     | Killed a tengu reaver
 23427 | Orc:1    | Entered Level 1 of the Orcish Mines
 23630 | Orc:1    | Reached skill level 6 in Armour
 23741 | Orc:1    | Received a gift from Okawaru
 23742 | Orc:1    | Identified the +0 chain mail of Hubris {Dex+3}
 23833 | Orc:1    | Noticed an orc warlord
 23851 | Orc:1    | Killed an orc warlord
 23890 | Orc:2    | Entered Level 2 of the Orcish Mines
 23901 | Orc:2    | Found a staircase to the Elven Halls.
 23953 | Orc:2    | Noticed Rupert
 23961 | Orc:2    | Noticed Donald
 23962 | Orc:2    | hi
 23969 | Orc:2    | Killed Rupert
 23976 | Orc:2    | Killed Donald
 24000 | Orc:2    | Noticed Maurice
 24005 | Orc:2    | Killed Maurice
 24082 | Orc:2    | Received a gift from Okawaru
 24131 | Orc:2    | Reached XP level 16. HP: 118/118 MP: 0/0
 24202 | Orc:2    | Found Vauziras's Armour Shoppe.
 24209 | Orc:2    | Found Qefraast's Magic Scroll Shop.
 24214 | Orc:2    | Found Luxoenn's Weapon Emporium.
 24218 | Orc:2    | Found Codwy's Armour Shoppe.
 24233 | Orc:2    | Bought a scroll of blinking for 105 gold pieces
 24233 | Orc:2    | Bought a scroll of revelation for 105 gold pieces
 24253 | Orc:2    | Bought the +2 cloak of Polish {+Blink Will+ Int+3} for 686
                  | gold pieces
 24296 | Orc:2    | Noticed Sonja
 24298 | Orc:2    | Killed Sonja
 24840 | D:13     | Received a gift from Okawaru
 25006 | D:13     | Identified the +1 leather armour "Ipe Lola" {Harm MP+9}
 25496 | D:14     | Found a gate to the Vaults.
 25692 | D:14     | Reached skill level 13 in Fighting
 26211 | D:14     | Received a gift from Okawaru
 26619 | D:15     | Entered Level 15 of the Dungeon
 26850 | D:15     | Found a staircase to the Depths.
 26970 | D:15     | Noticed Kirke
 26987 | D:15     | Noticed a sphinx
 26987 | D:15     | Killed Kirke
 26987 | D:15     | Received a gift from Okawaru
 27522 | Spider:1 | Entered Level 1 of the Spider Nest
 27570 | Spider:1 | Reached skill level 18 in Ranged Weapons
 27570 | Spider:1 | Reached XP level 17. HP: 118/126 MP: 0/0
 27570 | Spider:1 | Learned a level 7 spell: Enfeeble
 27963 | Spider:1 | Received a gift from Okawaru
 28587 | Spider:1 | Reached skill level 14 in Fighting
 28803 | Spider:3 | Noticed Mlioglotl
 28816 | Spider:3 | Killed Mlioglotl
 29015 | Spider:3 | Received a gift from Okawaru
 29427 | Spider:2 | Reached XP level 18. HP: 135/135 MP: 0/0
 29452 | Spider:2 | Received a gift from Okawaru
 29707 | Spider:4 | Entered Level 4 of the Spider Nest
 29741 | Spider:4 | Noticed Arachne
 29746 | Spider:4 | Found a frozen archway.
 29793 | IceCv    | Entered an ice cave
 30199 | Spider:4 | Noticed Icietuah's ghost (journeyman FeWn)
 30203 | Spider:4 | Found a transporter.
 30383 | Spider:4 | Reached skill level 9 in Invocations
 30542 | Spider:4 | Received a gift from Okawaru
 31002 | Spider:4 | Found a transporter.
 31276 | Spider:4 | Received a gift from Okawaru
 31315 | Spider:4 | Killed Arachne
 31451 | Spider:4 | Reached XP level 19. HP: 142/142 MP: 0/0
 31451 | Spider:4 | Learned a level 7 spell: Summon Hydra
 31506 | Spider:4 | Got a gossamer rune of Zot
 31728 | Shoals:1 | Entered Level 1 of the Shoals
 31847 | Shoals:1 | Upgraded the game from 0.31-a0-819-gf6de2f5ab6 to
                  | 0.31-a0-833-gc15d34cb79
 31855 | Shoals:1 | Found a hide-covered altar of Uskayaw.
 31879 | Shoals:1 | Reached skill level 15 in Fighting
 32058 | Shoals:1 | Received a gift from Okawaru
 32807 | Shoals:2 | Found Noboem's Weapon Boutique.
 32825 | Shoals:2 | Gained mutation: You are clumsy. (Dex -2) [potion of
                  | mutation]
 32825 | Shoals:2 | Gained mutation: You are robust. (+10% HP) [potion of
                  | mutation]
 33722 | Shoals:3 | Reached skill level 18 in Dodging
 33742 | Shoals:3 | Reached skill level 16 in Fighting
 34253 | Shoals:4 | Entered Level 4 of the Shoals
 34368 | Shoals:4 | Received a gift from Okawaru
 34798 | Shoals:4 | Reached XP level 20. HP: 166/168 MP: 0/0
 34814 | Shoals:4 | Received a gift from Okawaru
 35088 | Shoals:4 | Reached skill level 17 in Fighting
 35190 | Shoals:4 | Got a barnacled rune of Zot
 35612 | Elf:1    | Entered Level 1 of the Elven Halls
 35788 | Elf:1    | Noticed Azrael
 35811 | Elf:1    | Killed Azrael
 35928 | Elf:1    | Received a gift from Okawaru
 36032 | Elf:1    | Found Jinosoh's Magic Scroll Shoppe.
 36032 | Elf:1    | Found Oklaw's Jewellery Emporium.
 36041 | Elf:1    | Bought a scroll of blinking for 105 gold pieces
 36622 | Elf:2    | Paralysed by an air elemental for 1 turns
 36671 | Elf:2    | Found Kogaxtic's Antique Weapon Shop.
 36689 | Elf:2    | Received a gift from Okawaru
 36958 | Elf:2    | Found a runed translucent gate.
 36959 | Elf:2    | Found a runed translucent gate.
 36959 | Elf:2    | Found a runed translucent gate.
 37142 | Elf:2    | Reached skill level 18 in Fighting
 37221 | Elf:2    | Received a gift from Okawaru
 37399 | Elf:2    | Reached XP level 21. HP: 179/179 MP: 0/0
 37399 | Elf:2    | Learned a level 7 spell: Ozocubu's Refrigeration
 37583 | Elf:3    | Entered Level 3 of the Elven Halls
 37890 | Elf:3    | Found Wazuum's Distillery.
 37898 | Elf:3    | Bought 2 potions of heal wounds for 140 gold pieces
 37898 | Elf:3    | Bought a potion of cancellation for 112 gold pieces
 37898 | Elf:3    | Bought 2 potions of cancellation for 224 gold pieces
 37898 | Elf:3    | Bought a potion of resistance for 140 gold pieces
 38054 | Elf:3    | Reached skill level 12 in Invocations
 38063 | Elf:3    | good
 38582 | Elf:3    | Received a gift from Okawaru
 38775 | Elf:3    | Identified the +11 great sword of Jefutave {vamp, Fragile
                  | rElec rN+ Stlth+}
 38851 | Elf:3    | Received a gift from Okawaru
 38899 | Elf:3    | Identified the +6 ring mail "Tankoet" {rPois Int+2 SInv}
 38929 | Elf:3    | Identified the +6 rapier of Conformity {flame, Will+ Dex+3}
 38963 | Elf:3    | Identified the +5 ring mail of Lifelessness {Dex+2}
 39069 | Elf:3    | Identified the -1 hat of Dust Devil {Harm Will+}
 39316 | Vaults:1 | Entered Level 1 of the Vaults
 39345 | D:14     | Reached skill level 19 in Fighting
 39621 | Vaults:1 | Received a gift from Okawaru
 39634 | Vaults:1 | Reached skill level 20 in Fighting
 39851 | Vaults:1 | Noticed Aizul
 39860 | Vaults:1 | Killed Aizul
 39925 | Vaults:1 | Reached XP level 22. HP: 172/193 MP: 0/0
 39927 | Vaults:1 | Reached skill level 21 in Fighting
 40133 | Vaults:1 | Received a gift from Okawaru
 40186 | Vaults:1 | Reached skill level 22 in Fighting
 40219 | Vaults:1 | Identified the ring "Xehodyme" {rN+ Int+3}
 40224 | Vaults:1 | Identified the ring of Vehumet's Benevolence {rElec Int+6
                  | Dex+3 SInv}
 40474 | Vaults:1 | Received a gift from Okawaru
 40566 | Vaults:1 | Reached skill level 21 in Dodging
 41223 | Vaults:2 | Found Urghy Nee's Weapon Shoppe.
 41506 | Vaults:2 | Received a gift from Okawaru
 42113 | Vaults:2 | Reached skill level 9 in Armour
 42192 | Vaults:2 | Identified the +0 leather armour of Cowardice {rC- Int+4}
 42606 | Vaults:3 | Reached XP level 23. HP: 206/206 MP: 0/0
 42606 | Vaults:3 | Learned a level 8 spell: Borgnjor's Revivification
 42867 | Vaults:3 | Identified the +1 great mace of the Vendetta {protect,
                  | Int+3}
 43124 | Vaults:3 | Found a staircase to the Crypt.
 43273 | Vaults:3 | Received a gift from Okawaru
 43283 | Vaults:3 | Reached skill level 23 in Fighting
 43725 | Vaults:3 | Found a huge runed gate.
 43725 | Vaults:3 | Found a huge runed gate.
 43725 | Vaults:3 | Found a huge runed gate.
 43725 | Vaults:3 | Found a huge runed gate.
 43726 | Vaults:3 | Found a huge runed gate.
 43726 | Vaults:3 | Found a huge runed gate.
 43726 | Vaults:3 | Found a huge runed gate.
 43727 | Vaults:3 | Found a huge runed gate.
 43727 | Vaults:3 | Found a huge runed gate.
 43727 | Vaults:3 | Found a huge runed gate.
 43731 | Vaults:3 | Found a huge runed gate.
 43731 | Vaults:3 | Found a huge runed gate.
 43731 | Vaults:3 | Found a huge runed gate.
 43731 | Vaults:3 | Found a huge runed gate.
 43731 | Vaults:3 | Found a huge runed gate.
 43731 | Vaults:3 | Found a huge runed gate.
 43732 | Vaults:3 | Found a huge runed gate.
 43733 | Vaults:3 | Found a huge runed gate.
 43734 | Vaults:3 | Found a huge runed gate.
 43742 | Vaults:3 | Found a huge runed gate.
 43742 | Vaults:3 | Found a huge runed gate.
 43742 | Vaults:3 | Found a huge runed gate.
 43742 | Vaults:3 | Found a huge runed gate.
 43742 | Vaults:3 | Found a huge runed gate.
 43742 | Vaults:3 | Found a huge runed gate.
 43743 | Vaults:3 | Found a huge runed gate.
 43744 | Vaults:3 | Found a huge runed gate.
 43745 | Vaults:3 | Found a huge runed gate.
 43753 | Vaults:3 | Found a huge runed gate.
 43753 | Vaults:3 | Found a huge runed gate.
 43753 | Vaults:3 | Found a huge runed gate.
 43753 | Vaults:3 | Found a huge runed gate.
 43753 | Vaults:3 | Found a huge runed gate.
 43753 | Vaults:3 | Found a huge runed gate.
 43754 | Vaults:3 | Found a huge runed gate.
 43755 | Vaults:3 | Found a huge runed gate.
 44280 | Vaults:4 | Received a gift from Okawaru
 44293 | Vaults:4 | Found a crumbling gateway.
 44302 | Desolati | Entered the Desolation of Salt
 44521 | Desolati | Reached skill level 24 in Fighting
 44836 | Desolati | Received a gift from Okawaru
 44872 | Desolati | Identified the +0 troll leather armour of Foolhardiness
                  | {Regen+ Str+2}
 44917 | Desolati | Found the +7 Spriggan's Knife {stab, EV+4 Stlth+}
 44928 | Desolati | Identified the ring "Nyakish" {Fire Will- Str+5 Stlth+}
 44940 | Desolati | Identified the amulet "Urugenaj" {Spirit MP+9}
 44951 | Desolati | Identified the ring of Men Pof {rElec rF- Will+ Dex+3 SInv}
 44979 | Desolati | Identified the amulet "Zoligg" {RegenMP rN++ rCorr Int+3
                  | Stlth-}
 44982 | Desolati | Identified the ring of Zewkuyt {rC+ Stlth+}
 44990 | Desolati | Identified the amulet of Zogaafir {RegenMP Drain Int+4
                  | Dex+10 Stlth-}
 45264 | Vaults:4 | Found Byurhoukk's General Store.
 45273 | Vaults:4 | Bought a scroll of teleportation for 42 gold pieces
 45657 | Vaults:4 | Reached skill level 25 in Fighting
 45677 | Vaults:4 | Reached XP level 24. HP: 222/222 MP: 0/0
 45702 | Vaults:4 | Received a gift from Okawaru
 46269 | Crypt:1  | Entered Level 1 of the Crypt
 46340 | Crypt:1  | what
 46646 | Crypt:1  | Noticed Mennas
 46668 | Crypt:1  | Killed Mennas
 46669 | Crypt:1  | Reached skill level 26 in Fighting
 46718 | Crypt:1  | Received a gift from Okawaru
 46919 | Crypt:1  | Noticed Zenata
 46928 | Crypt:1  | Killed Zenata
 47150 | Crypt:2  | Noticed Saint Roka
 47186 | Crypt:2  | Killed Saint Roka
 47336 | Crypt:2  | Noticed Xtahua
 47355 | Crypt:2  | Killed Xtahua
 47355 | Crypt:2  | Received a gift from Okawaru
 47951 | Crypt:3  | Entered Level 3 of the Crypt
 48240 | Crypt:3  | Reached skill level 27 in Fighting
 48495 | Crypt:3  | Reached XP level 25. HP: 235/235 MP: 0/0
 48495 | Crypt:3  | Learned a level 8 spell: Discord
 48523 | Crypt:3  | Found a basalt altar of Yredelemnul.
 48593 | Crypt:3  | Received a gift from Okawaru
 48730 | Crypt:3  | Identified the ring of Xuklerux {rN+ Str+4}
 48730 | Crypt:3  | Identified the ring "Ibbut" {rElec rN+ rCorr Int-4 Dex-3}
 48730 | Crypt:3  | Identified the ring of Zoweof {rN+ Int+7}
 48853 | Crypt:3  | Identified the +0 leather armour "Xohy" {Harm rElec}
 48864 | Crypt:3  | Received a gift from Okawaru
 48958 | Crypt:3  | Identified the +2 helmet "Mimpo" {rF+ Will- Int+4}
 49026 | Crypt:3  | Noticed Sojobo
 49056 | Crypt:3  | Killed Sojobo
 49150 | Crypt:3  | Reached skill level 6 in Spellcasting
 49150 | Crypt:3  | Reached skill level 6 in Conjurations
 49150 | Crypt:3  | Reached skill level 6 in Hexes
 49150 | Crypt:3  | Reached skill level 6 in Summonings
 49150 | Crypt:3  | Reached skill level 6 in Necromancy
 49150 | Crypt:3  | Reached skill level 6 in Translocations
 49150 | Crypt:3  | Reached skill level 6 in Transmutations
 49150 | Crypt:3  | Reached skill level 6 in Fire Magic
 49150 | Crypt:3  | Reached skill level 6 in Ice Magic
 49150 | Crypt:3  | Reached skill level 6 in Air Magic
 49150 | Crypt:3  | Reached skill level 6 in Earth Magic
 49150 | Crypt:3  | Reached skill level 6 in Poison Magic
 49158 | Crypt:3  | Found the +5 scythe "Finisher" {speed, execute}
 49185 | Crypt:3  | Found a staircase to the Tomb.
 49706 | Depths:1 | Entered Level 1 of the Depths
 49714 | Depths:1 | Identified the +3 broad axe "Wofacatu" {speed, rPois}
 49739 | Depths:1 | Identified the +2 short sword of Objectivity {spect, Will++
                  | Dex+2}
 49750 | Depths:1 | Found a faded altar of an unknown god.
 49752 | Depths:1 | Found a hazy altar of Hepliaklqana.
 49840 | Depths:1 | Found a one-way gateway to a ziggurat.
 49913 | Depths:1 | Found a gateway to Hell.
 49927 | Depths:1 | Found Hiloesmo's Antique Armour Boutique.
 49932 | Depths:1 | Bought the +5 moon troll leather armour {Spirit, Regen++
                  | MP+5} for 2261 gold pieces
 49932 | Depths:1 | Found the +5 moon troll leather armour {Spirit, Regen++
                  | MP+5}
 50091 | Depths:1 | Found a one-way gate leading to the halls of Pandemonium.
 50135 | Depths:1 | Received a gift from Okawaru
 50167 | Depths:1 | Found a one-way gate to the infinite horrors of the Abyss.
 50175 | Depths:1 | Acquired 828 gold pieces
 50250 | Depths:1 | Identified the +0 rapier "Otruquh" {freeze, *Noise +Blink
                  | Fly Str+4}
 50265 | Depths:1 | Noticed a caustic shrike
 50265 | Depths:1 | Noticed a caustic shrike
 50265 | Depths:1 | Noticed a caustic shrike
 50265 | Depths:1 | Noticed a caustic shrike
 50265 | Depths:1 | Noticed a caustic shrike
 50300 | Depths:1 | Killed a caustic shrike
 50304 | Depths:1 | Killed a caustic shrike
 50313 | Depths:1 | Killed a caustic shrike
 50344 | Depths:1 | Killed a caustic shrike
 50345 | Depths:1 | Reached skill level 9 in Spellcasting
 50345 | Depths:1 | Reached skill level 9 in Conjurations
 50345 | Depths:1 | Reached skill level 9 in Hexes
 50345 | Depths:1 | Reached skill level 9 in Summonings
 50345 | Depths:1 | Reached skill level 9 in Necromancy
 50345 | Depths:1 | Reached skill level 9 in Translocations
 50345 | Depths:1 | Reached skill level 9 in Transmutations
 50345 | Depths:1 | Reached skill level 9 in Fire Magic
 50345 | Depths:1 | Reached skill level 9 in Ice Magic
 50345 | Depths:1 | Reached skill level 9 in Air Magic
 50345 | Depths:1 | Reached skill level 9 in Earth Magic
 50345 | Depths:1 | Reached skill level 9 in Poison Magic
 50375 | Depths:1 | Killed a caustic shrike
 50394 | Depths:1 | Received a gift from Okawaru
 50475 | Depths:1 | Reached XP level 26. HP: 243/243 MP: 0/0
 50677 | Depths:1 | Identified the +0 sling "Wir Tay" {antimagic, rCorr}
 50903 | Depths:2 | Found a magical portal.
 50913 | WizLab   | Entered Borgnjor's Mausoleum
 50972 | WizLab   | Received a gift from Okawaru
 51249 | WizLab   | Received a gift from Okawaru
 51429 | WizLab   | Identified the ring "Oghausur" {AC+4 Str+3}
 51570 | Depths:2 | Found a glowing silver altar of Zin.
 51592 | Depths:2 | Reached skill level 12 in Spellcasting
 51592 | Depths:2 | Reached skill level 12 in Conjurations
 51592 | Depths:2 | Reached skill level 12 in Hexes
 51592 | Depths:2 | Reached skill level 12 in Summonings
 51592 | Depths:2 | Reached skill level 12 in Necromancy
 51592 | Depths:2 | Reached skill level 12 in Translocations
 51592 | Depths:2 | Reached skill level 12 in Transmutations
 51592 | Depths:2 | Reached skill level 12 in Fire Magic
 51592 | Depths:2 | Reached skill level 12 in Ice Magic
 51592 | Depths:2 | Reached skill level 12 in Air Magic
 51592 | Depths:2 | Reached skill level 12 in Earth Magic
 51592 | Depths:2 | Reached skill level 12 in Poison Magic
 51805 | Depths:2 | Received a gift from Okawaru
 52126 | Depths:4 | Entered Level 4 of the Depths
 52289 | Depths:4 | Received a gift from Okawaru
 52304 | Depths:4 | Reached XP level 27. HP: 241/250 MP: 0/0
 52304 | Depths:4 | Learned a level 9 spell: Death's Door
 52307 | Depths:4 | Found a gate to the Realm of Zot.
 52674 | Depths:4 | Found a snail-covered altar of Cheibriados.
 52933 | Depths:3 | Found an opulent altar of Gozag.
 53084 | Depths:3 | Received a gift from Okawaru
 53120 | Depths:3 | Reached skill level 15 in Spellcasting
 53120 | Depths:3 | Reached skill level 15 in Conjurations
 53120 | Depths:3 | Reached skill level 15 in Hexes
 53120 | Depths:3 | Reached skill level 15 in Summonings
 53120 | Depths:3 | Reached skill level 15 in Necromancy
 53120 | Depths:3 | Reached skill level 15 in Translocations
 53120 | Depths:3 | Reached skill level 15 in Transmutations
 53120 | Depths:3 | Reached skill level 15 in Fire Magic
 53120 | Depths:3 | Reached skill level 15 in Ice Magic
 53120 | Depths:3 | Reached skill level 15 in Air Magic
 53120 | Depths:3 | Reached skill level 15 in Earth Magic
 53120 | Depths:3 | Reached skill level 15 in Poison Magic
 53746 | Depths:3 | Received a gift from Okawaru
 53902 | Depths:3 | Noticed Mara
 53909 | Depths:3 | Noticed elliptic's illusion
 54060 | Depths:3 | Noticed elliptic's illusion
 54061 | Depths:3 | Killed Mara
 54235 | Depths:3 | Identified the +11 quarterstaff of the Mashing Badger
                  | {freeze, Int+5}
 54243 | Depths:3 | Identified the +5 chain mail of the Volcano {rF+ SInv}
 54428 | Depths:3 | Found the +3 robe of Clouds {*Thunder rCloud rElec}
 54434 | Depths:3 | Identified the staff "Itzeiq" {rPois Str-4 Int+7 Dex+4
                  | Poison}
 55044 | Vaults:5 | Entered Level 5 of the Vaults
 55068 | Vaults:5 | Noticed an ancient lich
 55073 | Vaults:5 | Noticed an ancient lich
 55084 | Vaults:5 | Killed an ancient lich
 55093 | Vaults:5 | Killed an ancient lich
 55139 | Vaults:5 | Received a gift from Okawaru
 55251 | Vaults:5 | hi
 55681 | Vaults:5 | Reached skill level 18 in Spellcasting
 55681 | Vaults:5 | Reached skill level 18 in Conjurations
 55681 | Vaults:5 | Reached skill level 18 in Hexes
 55681 | Vaults:5 | Reached skill level 18 in Summonings
 55681 | Vaults:5 | Reached skill level 18 in Necromancy
 55681 | Vaults:5 | Reached skill level 18 in Translocations
 55681 | Vaults:5 | Reached skill level 18 in Transmutations
 55681 | Vaults:5 | Reached skill level 18 in Fire Magic
 55681 | Vaults:5 | Reached skill level 18 in Ice Magic
 55681 | Vaults:5 | Reached skill level 18 in Air Magic
 55681 | Vaults:5 | Reached skill level 18 in Earth Magic
 55681 | Vaults:5 | Reached skill level 18 in Poison Magic
 55738 | Vaults:5 | Identified the ring of the Baku {Fly rF+}
 55741 | Vaults:5 | Received a gift from Okawaru
 55742 | Vaults:5 | Identified the +7 broad axe of the Endless Beggars {venom,
                  | Fly}
 55821 | Vaults:5 | Identified the +5 orcbow "Diuh" {flame, rC+ Str-3 Dex+3}
 56126 | Vaults:5 | Got a silver rune of Zot
 56417 | Vaults:5 | Identified the ring of the Priest {rElec rC+ Str+5 SInv
                  | Stlth-}
 56435 | Vaults:5 | Identified the +0 chain mail "Ollukhlaff" {-Tele rPois
                  | Str+3}
 56478 | Vaults:5 | Received a gift from Okawaru
 56514 | Vaults:5 | Identified the +1 leather armour of the Growing Gods {Harm
                  | rC+ rN+ Int+4}
 56573 | Vaults:5 | Identified the +6 chain mail of Uresos {Str+4}
 56828 | Vaults:4 | Bought a potion of curing for 42 gold pieces
 57090 | Elf:1    | Bought a scroll of revelation for 105 gold pieces
 57090 | Elf:1    | Bought a scroll of fear for 56 gold pieces
 57090 | Elf:1    | Bought a scroll of fear for 56 gold pieces
 57323 | Zot:1    | Entered Level 1 of the Realm of Zot
 57646 | Zot:3    | Received a gift from Okawaru
 57732 | Zot:4    | Reached skill level 21 in Hexes
 57802 | Zot:4    | Found the +4 dragonskin cloak
 57802 | Zot:4    | Noticed Tiamat
 57818 | Zot:4    | oh
 57818 | Zot:4    | hm
 57838 | Zot:4    | Killed Tiamat
 57926 | Zot:5    | Entered Level 5 of the Realm of Zot
 57981 | Zot:5    | Noticed an ancient lich
 57981 | Zot:5    | Noticed a dread lich
 57982 | Zot:5    | Noticed an ancient lich
 57982 | Zot:5    | Noticed an ancient lich
 57982 | Zot:5    | Noticed a Killer Klown
 57982 | Zot:5    | Noticed an electric golem
 57982 | Zot:5    | Noticed a Killer Klown
 57982 | Zot:5    | Noticed an electric golem
 57983 | Zot:5    | Noticed an orb of fire
 57983 | Zot:5    | Noticed an orb of fire
 57984 | Zot:5    | Gained mutation: You sometimes lose your temper in combat.
                  | [an orb of fire]
 57987 | Zot:5    | Got the Orb of Zot
 58000 | Zot:5    | Received a gift from Okawaru
 58605 | D:$      | Escaped with the Orb!

Levels and vault maps discovered:
D:1:      dpeg_arrival_chambers_temple_mockup, layout_basic
D:2:      layout_basic, minmay_misc_feat_chi
D:3:      layout_basic, elyvilon_altar_5, grunt_dithmenos_smoke,
          lemuel_doored_altar, nicolae_ecumenical_snake_handling,
          serial_corexii_hall, corexii_hall_statues_u, corexii_hall_statues_x,
          corexii_hall_statues_i, uniq_terence
D:4:      layout_basic, gup_sewer_entry_spiral, grunt_decor_arrowhead,
          minmay_ruptured, uniq_menkaure
D:5:      layout_basic, lemuel_round_altar, uniq_edmund
D:6:      layout_loops_cross, lemuel_coloured_pillars_altar,
          minmay_misc_feat_square, kb_rosetta, uniq_blork_the_orc, uniq_jeremiah
D:7:      layout_basic, minmay_temple_entry_steel_oval, patterned_corridor,
          uniq_pikel
D:8:      kennysheep_town
D:9:      layout_basic, mainiacjoe_overflow_concentric_impassable, tgw_trog,
          serial_corexii_hall, corexii_hall_statues_x, corexii_hall_statues_i
D:10:     layout_basic, old_standard_altar, amethyst_overflow_temple_binary,
          dpeg_oklobed_lair
D:11:     layout_basic, erik_orc_1, serial_rivers, chequers_serial_rivers_marsh,
          chequers_serial_rivers_marsh, chequers_serial_rivers_small_b,
          chequers_serial_rivers_large_b, chequers_serial_rivers_room_a,
          chequers_serial_rivers_small_3, lemuel_old_faithful
D:12:     cross_vault, layout_basic, serial_undead, serial_undead_f,
          serial_undead_f, serial_undead_b, serial_undead_b
D:13:     layout_roguey [special_room_orc]
D:14:     layout_layer_cave, erik_vaults_1, hangedman_cracks_in_the_wall
D:15:     gammafunk_depths_entry_grave, layout_small_grid, nicolae_the_louvre,
          uniq_kirke
Temple:   nicolae_temple_bog_church
Lair:1:   layout_gridlike, gammafunk_lair_bear_cave
Lair:2:   layout_roguey, hellmonk_spider_entry_not_the_bees,
          infiniplex_staircase_pool_2
Lair:3:   layout_concentric_octagons, elwin_shoals_entry_stream,
          grunt_megastairs_2, lemuel_fruit_tree
Lair:4:   layout_gridlike, lemuel_fruit_fields
Lair:5:   evilmike_catoblepas_cave, layout_loops_ring,
          nicolae_slime_entry_slimehenge, serial_forest,
          infiniplex_forest_clump_small, infiniplex_forest_lined_room_,
          infiniplex_forest_clump_small, infiniplex_forest_join,
          infiniplex_forest_straight_2, infiniplex_forest_straight_2,
          infiniplex_forest_lined_room_2, infiniplex_forest_lined_3,
          pdpol_lair_neglected_garden, minivault_24, nicolae_lair_time_for_slime
Shoals:1: layout_shoals, regret_index_shoals_crete
Shoals:2: layout_shoals, serial_shops, nicolae_shop_stone
Shoals:3: layout_shoals
Shoals:4: shoals_end_hangedman, layout_shoals, nicolae_shoals_water_shrine
Spider:1: layout_cave_pods
Spider:2: layout_spider_delve, nicolae_spider_bug_shape
Spider:3: layout_spider_delve, uniq_mlioglotl
Spider:4: johnstein_spider_rune_arachne_lair,
          portal_ice_cave_entry_pillars_three, gammafunk_ghost_arena,
          hangedman_spider_mandibles, nicolae_spider_swamp_cousins
Orc:1:    layout_caves, elf_legates
Orc:2:    st_orc_open, layout_diamond_mine, basic_altar,
          nicolae_orc_stony_grotto, uniq_maurice, uniq_sonja, uniq_donald,
          uniq_rupert
Elf:1:    layout_loops_corners, basic_altar, minmay_elf_crystal_hexagon,
          minmay_shoptagon, uniq_azrael
Elf:2:    nicolae_elf_blades_crystal_corner, layout_geoelf_diagonals,
          minmay_shop_star
Elf:3:    minmay_elf_hall_dome, layout_geoelf_castle, serial_shops,
          nicolae_shop_advertising_works [nicolae_subvault_shop_adworks]
Vaults:1: nicolae_vaults_three_branches, grunt_vaults_twisty, v_misc_27,
          nicolae_vaults_little_squares_4, nicolae_vaults_two_Ls,
          nicolae_vaults_network_s, hangedman_vaults_river_flow,
          st_greater_box_1, nicolae_vaults_wrenched,
          nicolae_vaults_hallways_thing, grunt_vaults_diagonal,
          hangedman_vaults_stretched_pinwheel, ontoclasm_vaults_claustrophobia,
          nicolae_vaults_apartment_1, nicolae_vaults_diamond_2,
          nicolae_vaults_tetromino_L_2, vaults_dpeg_hooks,
          layout_vaults_maze_bifur, uniq_aizul
Vaults:2: nicolae_vaults_weapon_check, vaults_room_large_hall,
          nicolae_vaults_taking_the_gang_shopping, st_lines,
          nicolae_vaults_sightless_eye, hangedman_vaults_cutoff,
          ontoclasm_vaults_fault, v_misc_18, nicolae_vaults_trapezoid_1,
          nicolae_vaults_little_squares_5, nicolae_vaults_little_squares_3,
          hangedman_vaults_stretched_pinwheel, vaults_mumra_hex,
          vaults_mumra_chevron_long, nicolae_vaults_little_squares_3,
          layout_vaults_omnibox
Vaults:3: nicolae_vaults_closet_pinwheel_6, v_alt_pattern_6,
          nicolae_vaults_trapezoid_2, hangedman_vaults_pinch,
          minmay_crypt_entry_simple_round, door_vault, v_misc_4,
          nicolae_vaults_diamond_1, layout_vaults_omnigrid
Vaults:4: portal_desolation_entry_ruin, ontoclasm_vaults_ligature, v_misc_27,
          vaults_dpeg_diagonal, nicolae_vaults_tetromino_Z_1,
          nicolae_vaults_apartment_2, nicolae_vaults_specimen_jars,
          grunt_vaults_hallway_short, nicolae_vaults_turnstiles, v_rooms_5,
          vaults_mumra_minichess_inversion, vaults_room_semicircle,
          vaults_room_guarded_vault, nicolae_vaults_house_2, vaults_room_pools,
          vaults_dpeg_encased_lava, nicolae_vaults_storage_room_statues,
          nicolae_vaults_rhombus_5, layout_vaults_omnicross, serial_shops, shop
Vaults:5
Crypt:1:  layout_basic, grunt_ministairs_4, nicolae_crypt_soggy_tomb,
          minmay_misc_feat_cross, grunt_megastairs_3, uniq_zenata, uniq_mennas
Crypt:2:  layout_catacombs, uniq_xtahua, uniq_saint_roka
Crypt:3:  evilmike_haunted_forest, uniq_sojobo
Depths:1: grunt_deathspiral_small, layout_cave_pools, enter_ziggurat_e,
          abyss_entry, serial_shops, nicolae_shop_hallway_plus, hell_entry,
          ebering_dispersal_statue_hall, grunt_pan_entry_spiral,
          beargit_hepliaklqana_dungeon_heroes
Depths:2: minmay_concentric_multi, layout_honeycomb, pan_entry,
          pf_vacation_house_of_asmodeus, mu_enter_wizlab_4, zin_academy,
          firewood_loft
Depths:3: nzn_winding_woodlands_stair_cross [nzn_winding_woodlands_5x15_cabin,
          nzn_winding_woodlands_center_lodge,
          nzn_winding_woodlands_5x15_concentric,
          nzn_winding_woodlands_5x5_three, nzn_winding_woodlands_5x5_open_star,
          nzn_winding_woodlands_5x15_sawtooth,
          nzn_winding_woodlands_center_triple_pond,
          nzn_winding_woodlands_5x15_garden], layout_gridlike,
          hangedman_coc_ice_floe, nicolae_gozag_seed_capital, abyss_entry,
          minmay_fire_ice_demons, uniq_mara
Depths:4: grunt_x_marks_the_spot, layout_cave_pools, hell_entry,
          cheibriados_altar_1
Zot:1:    layout_misc_corridors, uniq_parghit
Zot:2:    layout_gridlike, hellmonk_ghost_happy_afterlife,
          st_large_dragon_hoard_2
Zot:3:    layout_gridlike, st_stairs_8, skrybe_zot_glass_3
Zot:4:    hellmonk_crystal_mountain, layout_gridlike, grunt_megastairs_4,
          uniq_tiamat
Zot:5:    layout_cathedral_of_symmetry

Action                     |  1- 3 |  4- 6 |  7- 9 | 10-12 | 13-15 | 16-18 | 19-21 | 22-24 | 25-27 || total
---------------------------+-------+-------+-------+-------+-------+-------+-------+-------+-------++-------
  Melee: Falchion          |    87 |   198 |   158 |       |       |       |       |       |       ||   443
         Shortbow          |       |       |     3 |       |       |       |       |       |       ||     3
         Orcbow            |       |       |       |     5 |       |       |       |       |       ||     5
         Longbow           |       |       |       |       |       |     7 |       |       |       ||     7
   Fire: Shortbow          |       |       |   217 |    78 |       |       |       |       |       ||   295
         Orcbow            |       |       |       |  1192 |  1023 |       |       |       |       ||  2215
         Longbow           |       |       |       |       |   513 |  1697 |  1982 |  2163 |  3161 ||  9516
  Throw: Dart              |       |       |     1 |       |     2 |       |       |       |       ||     3
   Cast: Kiss of Death     |       |     2 |       |     2 |       |       |       |       |       ||     4
         Blink             |       |       |     9 |    11 |       |     2 |       |       |     2 ||    24
 Invoke: Heroism           |       |       |       |    16 |    12 |     2 |     3 |       |     2 ||    35
         Receive Weapon    |       |       |       |       |     1 |       |       |       |       ||     1
         Receive Armour    |       |       |       |       |     1 |       |       |       |       ||     1
         Finesse           |       |       |       |       |     2 |     9 |     5 |     7 |    13 ||    36
  Evoke: Wand              |       |       |    30 |     7 |     4 |       |       |       |     8 ||    49
         Lightning rod     |       |       |       |       |     2 |     1 |       |     2 |     3 ||     8
    Use: Scroll            |     2 |     7 |    13 |    11 |     7 |     3 |     4 |     2 |    14 ||    63
         Potion            |       |       |     2 |     5 |     1 |     2 |     1 |     1 |     6 ||    18
 Armour: Ring mail         |    47 |    97 |   268 |   445 |       |       |       |       |       ||   857
         Troll leather arm |       |       |       |    79 |   284 |   183 |   240 |   177 |   320 ||  1283
  Dodge: Dodged            |    38 |    83 |   260 |   551 |   704 |   399 |   591 |   546 |   926 ||  4098
  Block: Other             |       |       |       |   113 |   123 |       |       |       |       ||   236
         Reflection        |       |       |       |     2 |       |       |       |       |       ||     2
